 Dungeon Crawl Stone Soup version 0.28-a0-851-g8b9cc49659 (webtiles) character file.

Game seed: 1353202166192952587

207 freelancePsychic the Magician (level 6, 0/45 HPs)
             Began as a Djinni Air Elementalist on Nov 14, 2021.
             Slain by a centaur (4 damage)
             ... on level 4 of the Dungeon.
             The game lasted 00:06:00 (3925 turns).

freelancePsychic the Magician (DjAE)                Turns: 3925, Time: 00:06:00

Health: 0/45       AC:  2    Str:  7    XL:     6   Next: 10%
Gold:   93         EV: 12    Int: 19    God:
                   SH:  0    Dex: 13

rFire   + + .      SeeInvis .   (no weapon)
rCold   x . .      Faith    .   (no shield)
rNeg    . . .      Spirit   .   a - +0 robe
rPois   ∞          Reflect  .   (no helmet)
rElec   .          Harm     .   (no cloak)
rCorr   .          Rampage  .   (no gloves)
Will    .....                   (boots unavailable)
Stlth   ++........              (no amulet)
HPRegen 0.15/turn               (no ring)
MPRegen 0.00/turn               (no ring)

@: flying
A: sickness immunity, fire resistance 2, cold vulnerability 1, float, innate
caster, hp casting, extra vitality 1
a: no special abilities


You were on level 4 of the Dungeon.
You visited 1 branch of the dungeon, and saw 4 of its levels.

You collected 93 gold pieces.

Inventory:

Armour
 a - a +0 robe (worn)
Jewellery
 j - a ring of positive energy
Scrolls
 g - a scroll of blinking
 k - a scroll of enchant weapon
Potions
 c - a potion of ambrosia {unknown}
 d - a potion of heal wounds {unknown}
 e - a potion of haste {unknown}
 f - 2 potions of flight {unknown}
 i - a potion of mutation {unknown}


   Skills:
 + Level 2.9 Fighting
 - Level 2.1 Dodging
 - Level 1.5 Stealth
 * Level 4.2 Spellcasting


You couldn't memorise any spells.
You knew the following spells:

 Your Spells              Type           Power      Damage    Failure   Level
a - Shock                 Conj/Air       80%        1d8       2%          1
b - Static Discharge      Conj/Air       20%        N/A       3%          2
c - Swiftness             Air            20%        N/A       7%          3
d - Airstrike             Air            10%        N/A       24%         4
e - Slow                  Hex            80%        N/A       2%          1
f - Passwall              Tmut/Erth      16%        N/A       3%          2
Your spell library was empty.

Dungeon Overview and Level Annotations

Branches:
Dungeon (4/15)
 Temple: D:4-7

Altars:
Gozag

Shops:
D:2 *


Innate Abilities, Weirdness & Mutations

You are immune to sickness and miasma.
You are immune to poison.
Your flesh is very heat resistant. (rF++)
You are vulnerable to cold. (rC-)
You float through the air rather than walking.
You learn spells naturally, not from books.
Your magical power is your life essence.
You have superior vitality. (+4 HP)


Message History

The centaur is moderately wounded.
You are struck by an arc of lightning.
The lightning grounds out.
An iguana comes into view.
Found a manual of Bows.
The iguana hisses angrily.
The centaur misses you. The centaur barely misses you.
The centaur closely misses you. x2; The centaur completely misses you.
The centaur kicks you. The centaur hits you. The centaur closely misses you.
Casting: Static Discharge (safe; 3% risk of failure)
Confirm with . or Enter, or press ? or * to list all spells.
The centaur is struck by an arc of lightning.
The centaur is moderately wounded.
You are struck by an arc of lightning.
The centaur is struck by an arc of lightning.
The centaur is heavily wounded.
The lightning grounds out.
The centaur is struck by an arc of lightning!
The centaur is almost dead.
You are struck by an arc of lightning.
The lightning grounds out.
The centaur hits you but does no damage.
The centaur kicks you.
* * * LOW HITPOINT WARNING * * *
The centaur hits you.
* * * LOW HITPOINT WARNING * * *
The centaur barely misses you.
Casting: Static Discharge (safe; 3% risk of failure)
Confirm with . or Enter, or press ? or * to list all spells.
The centaur is struck by an arc of lightning.
The centaur is heavily wounded.
The lightning grounds out.
The centaur is struck by an arc of lightning!
You kill the centaur!
You are struck by an arc of lightning.
* * * LOW HITPOINT WARNING * * *
The lightning grounds out.
* * * LOW HITPOINT WARNING * * *
The centaur closely misses you. The centaur kicks you.
* * * LOW HITPOINT WARNING * * *
The centaur hits you.
You die...

.........#..
............
...........#
...........##
...........#####.
#..............#
##......<.....#
..#.....)...##..#
......c@...##
....##l##..# ...
#.. ##.# . #.#.
#..# ...#: ...#
#.# .. #..# #. ..
... # #. ....
#..#


You could see a centaur and an iguana.

Vanquished Creatures
  A centaur (D:4)
  Jessica (D:2)
  An orc wizard (D:3)
  6 gnolls
  4 adders
  A worm (D:2)
  3 dart slugs
  4 orcs (D:3)
  3 endoplasms
  2 giant cockroaches
  4 goblins
  7 hobgoblins
  A quokka (D:2)
  6 ball pythons
  3 bats
  4 frilled lizards
  A kobold (D:1)
  8 rats
60 creatures vanquished.

Notes
Turn   | Place    | Note
-------+----------+-------------------------------------------
     0 | D:1      | freelancePsychic the Djinni Air Elementalist began the
                  | quest for the Orb.
     0 | D:1      | Reached XP level 1. HP: 15/15 MP: 0/0
   274 | D:1      | Found a faded altar of an unknown god.
   275 | D:1      | Noticed an eye of devastation
   278 | D:1      | Noticed a shining eye
   278 | D:1      | Noticed a golden eye
   278 | D:1      | Noticed a floating eye
   299 | D:1      | Reached XP level 2. HP: 18/22 MP: 0/0
   661 | D:1      | Reached skill level 1 in Fighting
  1194 | D:2      | Reached XP level 3. HP: 26/27 MP: 0/0
  1194 | D:2      | Learned a level 1 spell: Slow
  1211 | D:2      | Noticed Jessica
  1217 | D:2      | Killed Jessica
  1218 | D:2      | Reached skill level 3 in Spellcasting
  1264 | D:2      | Reached XP level 4. HP: 26/32 MP: 0/0
  1333 | D:2      | Found Bishepu's General Store.
  1682 | D:2      | Reached XP level 5. HP: 9/38 MP: 0/0
  1682 | D:2      | Learned a level 2 spell: Passwall
  2062 | D:2      | Noticed a black bear
  2389 | D:3      | Found an opulent altar of Gozag.
  2522 | D:2      | Reached skill level 4 in Spellcasting
  3582 | D:3      | Reached XP level 6. HP: 41/45 MP: 0/0
  3925 | D:4      | Slain by a centaur

Illustrated notes

Levels and vault maps discovered:
D:1:      dpeg_arrival_renting, layout_loops_cross,
          hellmonk_ecumenical_altar_watching_god, minmay_misc_feat_columns,
          minmay_statues_item
D:2:      layout_rooms, serial_shops, shop, uniq_jessica
D:3:      layout_basic, grunt_gozag_breadcrumbs, grunt_ministairs_5
D:4:      layout_layer_cave, mainiacjoe_overflow_tiny_flanked,
          mainiacjoe_overflow_24_doors, enter_ossuary_3, minmay_manual_mares

Skill      XL: |  1  2  3  4  5 |
---------------+----------------+-----
Fighting       | 1 2 |  2.9
Spellcasting   | 3 4 |  4.2
Dodging        | |  2.1
Stealth        | |  1.5

Action                   |  1- 3 |  4- 6 || total
-------------------------+-------+-------++-------
 Cast: Shock             |    45 |    82 ||   127
       Slow              |     2 |       ||     2
       Static Discharge  |       |    13 ||    13
  Use: Scroll            |       |     4 ||     4
Armor: Robe              |     1 |     1 ||     2
Dodge: Dodged            |     2 |    29 ||    31

Table legend: (Time is in decaauts)
 A = Elapsed time spent in this place.
 B = Non-inter-level travel time spent in this place.
 C = Inter-level travel time spent in this place.
 D = Time resting spent in this place.
 E = Time spent auto-exploring this place.
 F = Levels seen in this place.
 G = Mean time per level.
                   A        B        C        D        E       F      G
               +--------+--------+--------+--------+--------+-----+--------+
         Total |   3925 |   3852 |     73 |      0 |   3471 |   4 |  981.2 |
       Dungeon |   3925 |   3852 |     73 |      0 |   3471 |   4 |  981.2 |
               +--------+--------+--------+--------+--------+-----+--------+

Top non-repeatable levels by time:
     D:3: 1476 daAuts
     D:2: 1273 daAuts
     D:1: 1165 daAuts
     D:4: 10 daAuts
